[Event "FIDE WSCC 65 2022"]
[Site "Assisi"]
[Date "2022.11.18"]
[Round "4.1"]
[White "Maryasin, Boris"]
[Black "Nunn, John D M"]
[Result "0-1"]
[ECO "E99"]
[WhiteElo "2258"]
[BlackElo "2580"]
[Annotator "TA"]
[PlyCount "66"]
[EventDate "2022.11.14"]
[EventType "swiss"]
[EventCountry "ITA"]
[SourceTitle "playchess.com"]
[Source "ChessBase"]
[SourceQuality "1"]
[TimeControl "40/5400+30:1800+30"]

1. d4 Nf6 2. c4 g6 3. Nc3 Bg7 4. e4 d6 5. Nf3 O-O 6. Be2 e5 7. O-O Nc6 8. d5 Ne7 9. Ne1 Ne8 10. Nd3 {[%emt 0:00:34] is now more promising than 10.Be3.} f5 11. f3 Nf6 12. c5 {[%emt 0:00:54] E99: King's Indian: Classical Main Line: 9 Ne1 Nd7 10 f3 f5.} (12. a3 $14) 12... f4 ({Black should try} 12... c6 $11) 13. b4 g5 14. a4 {[%emt 0:01:01][%cal Ba2a4,Ba4a5][%mdl 32] White is slightly better.} Ng6 15. a5 Rf7 16. c6 {[%emt 0:08:55] [#]} a6 $146 (16... bxc6 $11 17. dxc6 a6) ({Predecessor:} 16... h5 17. cxb7 Bxb7 18. b5 Bc8 19. Nf2 Bh6 20. Ra4 Rg7 21. h3 Nh4 22. Bd2 Kh8 {0-1 (33) Granda Zuniga,J (2640)-Milos,G (2593) Quito 2012}) 17. Nf2 (17. cxb7 $1 $16 Bxb7 18. b5) 17... bxc6 $11 18. dxc6 Be6 {[%emt 0:00:16] Prevents Bc4.} 19. Kh1 Ne7 20. b5 h5 21. g3 axb5 22. Bxb5 g4 {[%emt 0:06:32] ...fxg3 is the strong threat.} 23. gxf4 exf4 24. Bxf4 (24. Ne2 $1 $11 {keeps the balance.} Ng6 25. Nd4 (25. Nxf4 $2 Nxf4 26. Bxf4 Nh7 $19)) 24... Nh7 $17 25. Bd2 Rxf3 26. Nd3 {[%emt 0:00:00] [#]} Rxf1+ 27. Qxf1 {[%emt 0:00:00] [#]} Ng6 {[%emt 0:00:00] And now ...Ng5 would win.} 28. Ra3 (28. Ra4 $17) 28... Ng5 $19 {[%emt 0:00:00] Threatens to win with ...Nf3.} 29. Ne1 d5 {[%emt 0:00:00] Inhibits Bc4. aiming for ...Qd6.} 30. Qe2 (30. a6 {was worth a try.}) 30... Kh8 31. Ng2 $2 (31. a6 d4 32. Na2) 31... Nf3 {[%emt 0:00:00] Strongly threatening ...Qd6. Black is clearly winning.} ({Avoid the trap} 31... Qd6 $2 32. Bxg5 Qxa3 33. Nxd5 Qa1+ 34. Qe1 Qxa5 35. Qxa5 Rxa5 36. Bf1 Bxd5 37. exd5) 32. exd5 (32. Nxd5 $142 Bxd5 33. exd5 Qxd5 34. Ne3 (34. Nf4 $2 Nxf4 35. Bxf4 Nd4+ 36. Qg2 Qxb5 $19) 34... Qxd2 35. Qxd2 Nxd2 36. Ra4) 32... Qd6 33. Ne1 Nd4 {[%emt 0:00:00] Weighted Error Value: White=0.57/Black=0.16 (very precise)} 0-1

[Event "FIDE WSCC 65 2022"]
[Site "Assisi"]
[Date "2022.11.18"]
[Round "4.2"]
[White "Sideifzade, Fikret"]
[Black "Gaprindashvili, Nona"]
[Result "1/2-1/2"]
[ECO "A44"]
[WhiteElo "2391"]
[BlackElo "2268"]
[Annotator "TA"]
[PlyCount "167"]
[EventDate "2022.11.14"]
[EventType "swiss"]
[EventCountry "ITA"]
[SourceTitle "playchess.com"]
[Source "ChessBase"]
[SourceQuality "1"]
[TimeControl "40/5400+30:1800+30"]

1. d4 c5 2. d5 e5 3. e4 d6 4. Nc3 g6 5. Be2 {[%emt 0:03:54] [#]} Nh6 $146 ({Predecessor:} 5... Bg7 6. Nf3 Ne7 7. Nd2 Nd7 8. a4 O-O 9. a5 f5 10. h4 Nf6 11. h5 Bd7 12. hxg6 hxg6 13. Nc4 Qc7 14. Bg5 {1-0 (45) Karthik,V (2494)-Kulkarni,R (2298) Ho Chi Minh City 2019}) 6. g4 {[%emt 0:07:43] A44: Semi-Benoni.} f6 7. h4 Nf7 8. h5 {[%emt 0:10:54] White is better.} Na6 9. a4 Nc7 10. f3 Bd7 11. Bd3 a6 12. Qe2 b6 13. Rb1 (13. hxg6 $16 hxg6 14. Rxh8 Nxh8 15. Be3) 13... g5 (13... b5 $14) 14. b4 $18 Be7 15. Kf2 O-O 16. Be3 Qc8 17. Qd2 Qe8 18. Nge2 b5 19. Ng3 cxb4 (19... bxa4 $16 20. bxc5 dxc5) 20. Rxb4 bxa4 21. Nf5 (21. Rb7 $6 Qc8 22. Rb2 (22. Rhb1 Nb5 $11) 22... a3 $16) 21... Bd8 22. Rhb1 {[%emt 0:02:45] White is much more active. The black rooks are badly placed.} (22. Rb7 $16) 22... a3 (22... Nb5 $1 $14) 23. R4b3 Nb5 24. Na2 (24. Bxb5 $6 axb5 25. Na2 Bxf5 26. gxf5 Ba5 $11) 24... Bxf5 25. gxf5 Nh6 26. Rh1 Rf7 ({Black should play} 26... Kh8) 27. Bxb5 (27. c4 Nd4 28. Bxd4 (28. Rxa3 Bb6 $11) 28... exd4 $14) (27. Qb4 $16) 27... axb5 $11 28. Qb4 Rc7 29. c3 Nf7 ({Better is} 29... Rb7 $14) 30. Qxb5 $16 Qxb5 31. Rxb5 Kf8 32. Rhb1 Ke8 33. Ke2 Rcc8 34. Kd3 Bc7 35. c4 (35. Rb7 $6 Kd7 $16) 35... Kd7 36. R5b3 Rg8 37. Rg1 (37. Rb7 $6 Kc8 $14) 37... Kc8 (37... Rgb8 $16 38. Rgb1 Nd8 39. Rxb8 Bxb8) 38. Bc1 Kd7 {[%emt 0:03:17] [#]} 39. Rg2 $1 (39. Rxa3 $2 Rxa3+ 40. Bxa3 Ra8 $19) (39. Bxa3 $6 Rgb8 40. Kc2 Rxb3 41. Kxb3 Rb8+ 42. Kc2 Ra8 $16) 39... Rgb8 40. Rxb8 (40. Rxa3 $2 Rxa3+ 41. Bxa3 Rb3+ 42. Nc3 Rxa3 $19) 40... Rxb8 41. Nc3 Ba5 42. Nb5 ({Don't take} 42. Bxa3 $6 Rb3 43. Bb2 g4 44. fxg4 Ng5 $14) 42... Bb4 43. Ra2 ({Avoid the trap} 43. Nxa3 $2 Bxa3 44. Rc2 Rb3+ 45. Ke2 g4 46. fxg4 Bxc1 47. Rxc1 Ra3 $19) 43... Bc5 44. Be3 {[%emt 0:03:41] [#] Black must now prevent Bxc5.} Bxe3 (44... Ra8 $16 {was necessary.} 45. Bxc5 dxc5 46. Rxa3 Rxa3+ 47. Nxa3 Nh6) 45. Kxe3 $18 Ra8 46. Rxa3 Rxa3+ 47. Nxa3 {[%emt 0:00:09][%mdl 4096] Endgame KN-KN} Nd8 48. Nc2 Nb7 49. Kd2 {[%emt 0:00:25] Threatens to win with Ne3.} Nc5 $2 (49... g4 50. fxg4 Nc5) 50. Ne3 Nb3+ 51. Kd3 {[%emt 0:14:17] aiming for Ng4.} Ke7 52. Ng4 Nd4 53. Nh2 (53. c5 $142 dxc5 54. Kc4) 53... Nb3 54. h6 Nc5+ 55. Kc2 Kd8 56. Ng4 Nd7 57. Nf2 (57. c5 $142 dxc5 58. Kd3) 57... Kc7 58. Nd3 Kb6 59. Kb3 Nb8 60. Nb2 (60. c5+ $142 dxc5 61. Kc4) 60... Na6 61. Na4+ Kc7 62. Kc3 Kd7 63. Nb2 $2 (63. c5 $18 {is the precise move to win.} dxc5 64. Kc4) 63... Kc7 $2 (63... g4 $16 64. Kd2 (64. fxg4 Nc5 $16) 64... gxf3) 64. Nd3 Kb6 65. Nf2 {[%emt 0:01:23] Threatening mate with Ng4.} Nc5 66. Ng4 Nd7 67. Kb4 Ka6 68. Nf2 Nc5 69. Kc3 $2 (69. Ka3 $18 g4 70. Nxg4) 69... Ka5 $2 (69... Kb6 $11) 70. Nd3 $2 (70. Ng4 $18 Nd7 71. c5 dxc5 72. Kc4) 70... Nd7 $2 (70... Nxd3 $11 71. Kxd3 Kb4) 71. Nc1 Kb6 72. Kb4 $2 (72. Nb3 $18) 72... Nc5 $11 73. Nb3 Na6+ $2 (73... Nd3+ $1 $11 {and Black has nothing to worry.} 74. Kc3 Ne1) 74. Kc3 (74. Ka4 $142 Nb8 75. c5+ dxc5 76. Nd2) 74... Kc7 $18 75. Nc1 (75. Kd3 $18) 75... g4 76. fxg4 {[%emt 0:00:00] Strongly threatening Nd3.} Nc5 77. Kd2 {[%emt 0:00:00] Hoping for Ke3.} Nxe4+ 78. Ke3 Ng5 79. Ne2 Nf7 80. Ng3 Kd7 81. Ne4 Ke7 82. Kf3 {[%emt 0:00:39] And now Kg3 would win.} Nxh6 83. c5 ({White should try} 83. Kg3 $16) 83... dxc5 $11 84. Nxc5 {[%emt 0:00:31] Weighted Error Value: White=0.33/Black=0.26 (precise)} 1/2-1/2

[Event "FIDE WSCC 65 2022"]
[Site "Assisi"]
[Date "2022.11.18"]
[Round "4.3"]
[White "Koehler, Gerhard"]
[Black "Jansa, Vlastimil"]
[Result "0-1"]
[ECO "A37"]
[WhiteElo "2198"]
[BlackElo "2390"]
[Annotator "TA"]
[PlyCount "90"]
[EventDate "2022.11.14"]
[EventType "swiss"]
[EventCountry "ITA"]
[SourceTitle "playchess.com"]
[Source "ChessBase"]
[SourceQuality "1"]
[TimeControl "40/5400+30:1800+30"]

1. c4 {[%emt 0:00:01] Ribli,Z} g6 2. Nc3 c5 3. g3 Bg7 4. Bg2 Nc6 5. a3 a5 6. Nf3 e5 7. d3 Nge7 {[%emt 0:00:52] 7...Nge7 scores better than 7...d6. A37: Symmetrical English vs ...g6: 4 Bg2 Bg7 5 Nf3.} 8. Nd2 d6 9. Nf1 h5 {[%emt 0:02:11] The position is equal.} 10. h4 O-O 11. Ne3 Rb8 12. Rb1 Be6 13. Ned5 Qd7 {[%emt 0:04:54] [#]} 14. Bg5 $146 ({Predecessor:} 14. Qa4 b5 15. Nxe7+ Nxe7 16. Nxb5 d5 17. b3 e4 18. O-O exd3 19. exd3 dxc4 20. dxc4 {0-1 (36) Pigusov,E (2622)-Horvath,A (2476) Kallithea 2002 CBM 092 [Ribli,Z]}) 14... f6 15. Bd2 Kh7 16. Qa4 Rfd8 17. Nxe7 Qxe7 18. Nd5 (18. Bxc6 $14 bxc6 19. Qxc6) 18... Qf7 $1 $11 19. Nb6 ({Not} 19. Bxa5 $2 b5 20. cxb5 Nxa5 $19) 19... f5 $1 20. O-O f4 21. Qd1 Rf8 22. b4 axb4 23. axb4 Nd4 24. Nd5 Bg4 25. f3 Be6 $36 {[%emt 0:00:22][%mdl 2048] Black has the initiative. Black has more active pieces.} 26. Nc3 Bh6 27. gxf4 exf4 28. Ne4 {[%emt 0:00:08] [#]} Qe7 (28... Bf5 $1 $17) 29. bxc5 $15 dxc5 30. Qe1 (30. Bc3 $15) 30... b6 31. Qf2 {[%emt 0:03:13] [#]} ({White should try} 31. Bc3) 31... Bf5 $1 $17 32. Bc3 Bg7 (32... Bxe4 $142 33. fxe4 Bg7) 33. Rfc1 (33. Ng5+ $17 Kg8 34. Rfe1) 33... Bxe4 $19 34. dxe4 Bf6 35. Be1 $2 {[%emt 0:00:23] Now White is beyond hope.} (35. Bh3 $17 {was called for.}) 35... Nc6 {[%emt 0:01:02][%cal Bd4c6,Bc6e5,Be5c4,Bc4e3][%mdl 32] And now ...Bd4 would win.} 36. Kh2 Bd4 37. Qf1 Ne5 38. Bf2 Rfd8 39. Rc2 Qf7 40. Rbc1 Ra8 41. Bh3 Ra4 42. Qd1 (42. Bxd4 $142 Rxd4 43. Qg2) 42... Nxc4 43. Bxd4 Rxd4 44. Qg1 Qf6 (44... Ne3 $142 45. Rb2 Nc4) 45. Qf2 $2 (45. Qg5 Qxg5 46. hxg5) 45... Ne3 {[%emt 0:00:00] Weighted Error Value: White=0.41/Black=0.19 (very precise)} 0-1

[Event "FIDE WSCC 65 2022"]
[Site "Assisi"]
[Date "2022.11.18"]
[Round "4.4"]
[White "Birnboim, Nathan"]
[Black "Renman, Nils-Gustaf"]
[Result "1/2-1/2"]
[ECO "D02"]
[WhiteElo "2361"]
[BlackElo "2320"]
[Annotator "TA"]
[PlyCount "60"]
[EventDate "2022.11.14"]
[EventType "swiss"]
[EventCountry "ITA"]
[SourceTitle "playchess.com"]
[Source "ChessBase"]
[SourceQuality "1"]
[TimeControl "40/5400+30:1800+30"]

1. d4 Nf6 2. Nf3 d5 3. Bf4 c5 4. e3 Nc6 5. c3 Qb6 6. Qb3 c4 7. Qxb6 axb6 8. Na3 Ra5 9. Bc7 {[%emt 0:08:00] Against e5. D02: 1 d4 d5 2 Nf3 sidelines, including 2...Nf6 3 g3 and 2...Nf6 3 Bf4.} e6 10. Nc2 ({But not} 10. Bxb6 Ra6 11. Bc5 Bxc5 12. dxc5 Ne4 $15) 10... Kd7 11. Bf4 {[%emt 0:05:07] The position is equal.} ({Reject} 11. Bxb6 Rb5 12. Ne5+ Nxe5 13. dxe5 Rxb2 14. exf6 Rxc2 $17) 11... Ne4 12. Nd2 g5 {[%emt 0:13:21] [#] aiming for ...Nxd2.} 13. Bg3 $146 {[%emt 0:01:21] Nxe4 is the strong threat.} ({Predecessor:} 13. Nxe4 gxf4 14. Nf6+ Ke7 15. Nh5 fxe3 16. Nxe3 b5 17. a3 b4 18. cxb4 Nxb4 19. O-O-O {0-1 (35) Tyutyunnik,R-Lorente Penalva,D LSS email 2007}) 13... f5 (13... Nxd2 $11 {keeps the balance.} 14. Kxd2 h5) 14. Nxe4 $16 fxe4 15. f3 exf3 16. gxf3 Bd6 17. Rg1 h6 18. Be2 b5 19. a3 Ra8 20. O-O-O Bxg3 21. hxg3 Kd6 22. e4 Bd7 23. Ne3 Raf8 24. Ng4 Kc7 25. Rh1 (25. e5 $1 $14) 25... h5 $11 26. Ne3 Ne7 27. e5 Be8 28. Kd2 Bg6 29. Rdf1 Rh7 30. f4 g4 {[%emt 0:35:51] Weighted Error Value: White=0.09 (flawless) /Black=0.13 (very precise)} 1/2-1/2

[Event "FIDE WSCC 65 2022"]
[Site "Assisi"]
[Date "2022.11.18"]
[Round "4.5"]
[White "Hebert, Jean"]
[Black "Shaffer, Alexander"]
[Result "1-0"]
[ECO "D78"]
[WhiteElo "2333"]
[BlackElo "1688"]
[Annotator "TA"]
[PlyCount "79"]
[EventDate "2022.11.14"]
[EventType "swiss"]
[EventCountry "ITA"]
[SourceTitle "playchess.com"]
[Source "ChessBase"]
[SourceQuality "1"]
[TimeControl "40/5400+30:1800+30"]

1. Nf3 d5 2. g3 Nf6 3. Bg2 g6 4. O-O Bg7 5. c4 c6 6. d4 O-O 7. Qb3 dxc4 8. Qxc4 Nbd7 {[%emt 0:01:50] 8...b5 is the recent fashion.} 9. Nc3 Nb6 10. Qd3 Be6 {[%emt 0:02:26] D78: Fianchetto Grünfeld: 6 0-0 c6.} 11. Rd1 Qc8 12. e4 Rd8 {[%emt 0:00:44] White is slightly better.} 13. Qf1 Bc4 14. Qe1 {[%emt 0:00:39] [#]} Be6 $146 ({Predecessor:} 14... Nfd7 15. b3 Ba6 16. Bg5 Re8 17. Rac1 e5 18. d5 h6 19. Be3 Qd8 20. dxc6 bxc6 {½-½ (46) Balogh,T (2350)-Vlcek,S (2286) Slovakia 2010}) 15. b3 Bh3 16. Ba3 Bxg2 17. Kxg2 e6 18. Rac1 Qd7 19. h3 Qe8 20. Qe2 a5 21. e5 Nfd5 22. Ne4 a4 23. Bc5 Nc8 24. Qb2 axb3 {[%emt 0:06:15][%cal Od5e3] ...Ne3+! is the strong threat.} 25. Qxb3 Nce7 {[%emt 0:03:29] [#]} (25... Qd7 $11) 26. Nd6 $1 $16 {[%emt 0:05:03] White has more active pieces.} ({Don't go for} 26. Qxb7 $2 Rdb8 27. Rb1 Qd8 $19) 26... Qd7 27. Qxb7 (27. Nxb7 $142 Rdb8 28. Rb1) 27... Rxa2 {[%emt 0:00:34] Strongly threatening ...Qxb7.} 28. Qxd7 Rxd7 29. Ra1 Rxa1 30. Rxa1 {[%emt 0:00:08] Hoping for Ra8+.} Rd8 {[%emt 0:00:48] Inhibits Ra8.} 31. Ng5 $36 {[%emt 0:01:29][%mdl 2048] White is on the roll.} Rf8 32. Ra7 h6 33. Nge4 Nc8 34. Nxc8 Rxc8 {[%emt 0:00:11] [#]} 35. Rxf7 $1 Rb8 $2 (35... Ne3+ $2 36. fxe3 Kxf7 37. Nd6+ Ke7 38. Nxc8+ $18) (35... Kxf7 36. Nd6+ Ke7 37. Nxc8+ Kd7) 36. Ra7 $18 g5 37. Bd6 Re8 38. Ra6 Rc8 39. Nc5 Nb4 40. Ra4 {[%emt 0:16:50] Weighted Error Value: White=0.11 (very precise) /Black=0.35} 1-0

[Event "FIDE WSCC 65 2022"]
[Site "Assisi"]
[Date "2022.11.18"]
[Round "4.6"]
[White "Strutinskaia, Galina"]
[Black "Fernandez Garcia, Jose Luis"]
[Result "0-1"]
[ECO "A32"]
[WhiteElo "2137"]
[BlackElo "2358"]
[Annotator "TA"]
[PlyCount "96"]
[EventDate "2022.11.14"]
[EventType "swiss"]
[EventCountry "ITA"]
[SourceTitle "playchess.com"]
[Source "ChessBase"]
[SourceQuality "1"]
[TimeControl "40/5400+30:1800+30"]

1. d4 Nf6 2. Nf3 e6 3. c4 c5 4. Nc3 cxd4 5. Nxd4 d5 6. cxd5 Nxd5 7. Bd2 Be7 $1 {[%emt 0:00:50] The main line 7...Be7 scores better than 7...Bc5.} 8. e4 {[%emt 0:00:20] A32: Symmetrical English: 2 Nf3 Nf6 3 d4 cxd4 4 Nxd4 e6.} Nb4 9. Be3 O-O 10. a3 {[%emt 0:01:32] The position is equal.} N4c6 11. Bc4 {[%emt 0:03:19] [#]} Nxd4 $146 ({Predecessor:} 11... Bf6 12. Nce2 Bd7 13. O-O Ne5 14. Ba2 Ng4 15. Bd2 Nc6 16. Bc3 Qb6 17. Qd2 Rad8 {½-½ (35) Papin,Y (2034)-Shepitko,I (2158) Tosno 2009}) 12. Qxd4 Nc6 13. Qxd8 Rxd8 14. O-O Bd7 15. Rfd1 Bf6 16. Rac1 Be8 17. Rxd8 Rxd8 18. f4 Bd4 19. Kf2 Kf8 20. Bxd4 Rxd4 21. Be2 Rd2 22. b4 Rb2 23. Ke1 (23. Ke3 $11) 23... Nd4 $17 24. Kd1 Nxe2 ({Black should play} 24... a6 $19 25. Bf1 Bc6) 25. Nxe2 $19 {[%emt 0:00:06][%mdl 4096] Endgame KRB-KRN} Ba4+ 26. Ke1 Bc6 27. e5 Bxg2 {[%emt 0:20:06] Black is more active.} 28. Rc8+ Ke7 29. Rc7+ Ke8 30. Nd4 $1 a6 $1 {[%emt 0:03:06] Against Nb5} 31. f5 Bd5 32. h4 (32. fxe6 $15 fxe6 33. Ne2) 32... Rh2 $17 33. fxe6 fxe6 34. b5 $2 {[%emt 0:00:13] Now White is beyond hope.} (34. Ne2 $17 {was called for.}) 34... Rxh4 $19 35. bxa6 Rxd4 36. axb7 {[%emt 0:00:30][%cal Rb7b8] KRB-KR} Re4+ 37. Kd2 {[%emt 0:02:55][%cal Rb7b8] [#]} Bxb7 38. Rxb7 {[%emt 0:00:02] KR-KR} Kf8 39. Kc3 $2 (39. Rb8+ Kf7 40. Rh8) 39... h5 40. Kb3 h4 {[%emt 0:00:22] ...h3 is the strong threat.} 41. Rc7 g5 42. a4 Rxe5 43. Kb4 Re1 (43... h3 $142 {( -> ...Re4+)} 44. Kc3 g4) 44. a5 {[%emt 0:00:08] [#]} (44. Rh7 $19 e5 45. a5 Rb1+ 46. Kc3) 44... Rb1+ (44... h3 $142 45. Rc2 g4 46. Rh2 g3 47. Rxh3 g2 48. Rg3 g1=Q 49. Rxg1 Rxg1 50. Kc4 Ra1 51. a6 Rxa6 52. Kd4 Ra7 53. Ke3 e5 54. Kf3 Re7 55. Ke4 Ke8 56. Ke3 e4 57. Ke2 e3 58. Kd3 e2 59. Kd4 e1=Q 60. Kc4 Kf7 61. Kd3 Rc7 62. Kd4 Qc3+ 63. Ke4 Rc4+ 64. Kf5 Qf6#) 45. Ka4 h3 {[%emt 0:00:16] Black mates.} 46. Rh7 g4 47. a6 g3 48. Rxh3 Ra1+ {[%emt 0:07:43] Weighted Error Value: White=1.05/Black=0.45} 0-1

[Event "FIDE WSCC 65 2022"]
[Site "Assisi"]
[Date "2022.11.18"]
[Round "4.7"]
[White "Vaisser, Anatoly"]
[Black "Luciani, Carlo"]
[Result "1/2-1/2"]
[ECO "A69"]
[WhiteElo "2463"]
[BlackElo "2187"]
[Annotator "TA"]
[PlyCount "63"]
[EventDate "2022.11.14"]
[EventType "swiss"]
[EventCountry "ITA"]
[SourceTitle "playchess.com"]
[Source "ChessBase"]
[SourceQuality "1"]
[TimeControl "40/5400+30:1800+30"]

1. d4 Nf6 2. c4 g6 3. Nc3 Bg7 4. e4 d6 5. f4 c5 6. d5 O-O 7. Nf3 a6 8. a4 e6 9. Be2 exd5 10. cxd5 Re8 11. Nd2 Ng4 {[%emt 0:00:00] [#] aiming for ...Ne3.} 12. Bxg4 {[%emt 0:00:57] A69: Modern Benoni: Four Pawns Attack with 9...Re8.} (12. Nc4 {seems wilder.} h5 13. Qd3 Bd4 14. Bxg4 Bxg4 15. Be3) 12... Qh4+ 13. g3 Qxg4 14. Qxg4 Bxg4 15. Kf2 Nd7 16. Re1 (16. h3 $11 Bd4+ 17. Kg2 Bxc3 18. bxc3) 16... Bd4+ $17 {[%emt 0:09:19] A strong pair of Bishops.} 17. Kg2 Nf6 18. h3 {[%emt 0:12:50] [#]} Bf5 $146 ({Predecessor:} 18... Bd7 19. g4 Bxc3 20. bxc3 Nxd5 21. Nc4 Nxc3 22. Nxd6 Re6 23. e5 Bxa4 24. f5 Bc6+ {½-½ (59) Urban,V-Rehurek,L Brno 1997}) 19. g4 Bxc3 20. bxc3 Bxe4+ 21. Nxe4 Rxe4 22. Rxe4 Nxe4 {[%emt 0:00:07][%mdl 4096] Endgame KRB-KRN} 23. c4 f5 24. Rb1 Rb8 25. a5 Kf7 26. Kf3 Ke7 27. Rb2 Nf6 ({Black should try} 27... Kd7 $17) 28. Re2+ Kf7 {[%emt 0:05:13] Strongly threatening ...b5.} 29. Rb2 Nd7 30. Re2 {[%emt 0:02:04] [#]} (30. g5 $11) 30... Re8 (30... b6 $1 $17 31. Bd2 Nf6 32. axb6 Rxb6) 31. Rb2 $11 Rb8 32. Ke3 {[%emt 0:26:29] Weighted Error Value: White=0.18 (very precise) /Black=0.17 (very precise)} (32. Re2 $1 $11) 1/2-1/2

[Event "FIDE WSCC 65 2022"]
[Site "Assisi"]
[Date "2022.11.18"]
[Round "4.8"]
[White "Pomes Marcet, Joan"]
[Black "Legky, Nikolay A"]
[Result "1/2-1/2"]
[ECO "E40"]
[WhiteElo "2197"]
[BlackElo "2350"]
[Annotator "TA"]
[PlyCount "117"]
[EventDate "2022.11.14"]
[EventType "swiss"]
[EventCountry "ITA"]
[SourceTitle "playchess.com"]
[Source "ChessBase"]
[SourceQuality "1"]
[TimeControl "40/5400+30:1800+30"]

1. d4 Nf6 2. c4 e6 3. Nc3 Bb4 4. e3 d5 5. Nge2 dxc4 6. a3 {[%emt 0:00:22] E40: Nimzo-Indian: Rubinstein (4 e3): Unusual Black 4th moves.} Be7 7. Ng3 {[%emt 0:03:49] [#]} a6 $146 ({Predecessor:} 7... c5 8. Bxc4 O-O 9. dxc5 Qxd1+ 10. Kxd1 Bxc5 11. b4 Be7 12. Bb2 a5 13. b5 Nbd7 14. Ke2 Nb6 15. Bd3 a4 16. Rhc1 Bd7 17. Nce4 Nxe4 18. Nxe4 {1-0 (41) Suleymanli,A (2512)-Vrolijk,L (2480) Chess.com INT 2020}) 8. Bxc4 b5 9. Bd3 Nbd7 10. b4 {[%emt 0:07:53] Against c5} c6 11. O-O a5 12. Rb1 axb4 13. axb4 O-O 14. e4 Nb6 15. e5 Nfd5 16. Nce4 ({But not} 16. Qh5 f5 17. exf6 Nxf6 $11) 16... Re8 ({Of course not} 16... Nxb4 17. Nf6+ Bxf6 18. exf6 Nxd3 19. fxg7 Kxg7 20. Qxd3 $15) 17. Nh5 g6 18. Qf3 {[%emt 0:03:35][%cal Oc1h6] White is more active.} Nd7 ({Resist} 18... gxh5 19. Bh6 Bf8 20. Bg5 $16) 19. Bh6 Qb6 20. Nc5 (20. Be3 $5) 20... Ra3 21. Nf4 Qb8 (21... Nxc5 $11 22. bxc5 Qa7) 22. Nxd5 $14 {[%emt 0:00:37] Really sharp!} exd5 23. Bc1 (23. Ra1 $1 $14 Rxa1 24. Rxa1) 23... Nxc5 $11 24. Bxa3 Nxd3 {[%emt 0:00:04][%mdl 64] [#] Remove Defender} 25. Qxd3 {[%emt 0:00:07] aiming for Qc3.} Bf5 26. Qc3 Bxb1 27. Rxb1 Qb7 28. Bc1 Ra8 29. Be3 Ra4 30. Kf1 h5 31. Rc1 Ra6 32. Qd2 Qa7 33. g3 Ra1 34. Rxa1 Qxa1+ {[%emt 0:00:04][%mdl 4096] Endgame KQB-KQB} 35. Kg2 Qa7 36. h4 Bf8 37. Qc3 Qd7 38. f3 Qe6 39. Bg5 Qd7 40. Be3 Qb7 41. Bf2 Be7 42. Qa3 Kf8 43. Be3 Ke8 44. Bg5 Bf8 45. Qa5 {[%emt 0:00:00][%csl Gg5][%cal Ra5d8] [#]} Be7 {[%emt 0:00:00] Prevents Qd8+.} 46. Bxe7 Kxe7 {[%emt 0:00:00] KQ-KQ} 47. Qa3 Kf8 48. g4 Qd7 $2 (48... hxg4 $11 {and Black is okay.} 49. fxg4 Qd7) 49. Kg3 $2 ({White must play} 49. gxh5 $18 {Qa8+ is the strong threat.} gxh5 50. Qc1) 49... hxg4 50. fxg4 Kg7 51. Qc3 Qe7 52. Kh3 Qa7 {[%emt 0:00:00] The position is equal.} 53. Kg3 Qa4 54. h5 Qd1 55. hxg6 Qg1+ 56. Kh3 {[%emt 0:00:00] Black must now prevent Qf3.} fxg6 57. Qxc6 Qf1+ 58. Kg3 {[%emt 0:00:00] Threatens to win with Qd7+.} Qg1+ 59. Kh3 {[%emt 0:00:00] Weighted Error Value: White=0.10 (very precise) /Black=0.13 (very precise)} 1/2-1/2

[Event "FIDE WSCC 65 2022"]
[Site "Assisi"]
[Date "2022.11.18"]
[Round "4.9"]
[White "Jurek, Josef"]
[Black "Cocozza, Mario"]
[Result "1/2-1/2"]
[ECO "D73"]
[WhiteElo "2211"]
[BlackElo "2298"]
[Annotator "TA"]
[PlyCount "61"]
[EventDate "2022.11.14"]
[EventType "swiss"]
[EventCountry "ITA"]
[SourceTitle "playchess.com"]
[Source "ChessBase"]
[SourceQuality "1"]
[TimeControl "40/5400+30:1800+30"]

1. Nf3 Nf6 2. c4 g6 3. d4 Bg7 4. g3 c6 5. Bg2 d5 6. cxd5 cxd5 7. Ne5 {[%emt 0:00:37] D73: Fianchetto Grünfeld: 5 Nf3 .} Ng4 8. Qa4+ Bd7 9. Nxd7 {[%emt 0:00:43] White is slightly better.} Qxd7 10. Qxd7+ Nxd7 11. h3 Ngf6 12. Nc3 e6 13. O-O O-O 14. Bf4 Rfc8 {[%emt 0:08:30] [#]} 15. Rac1 $146 ({Predecessor:} 15. g4 a6 16. a4 Rc4 17. Rfd1 Rac8 18. a5 Rb4 19. Rd2 Ne8 20. Bxd5 Bxd4 21. Bf3 {½-½ (66) Lindemann,S (2335)-Kargoll,B (2264) Germany 2000}) 15... a6 16. Rfd1 Nb6 17. b3 Bf8 18. Nb1 {[%emt 0:01:09] Inhibits Ba3.} Ne8 19. Rxc8 Rxc8 20. Rc1 {[%emt 0:00:21] Inhibits Rc2.} Rxc1+ 21. Bxc1 Nd6 22. Nc3 Nf5 23. e3 Bb4 24. Ne2 Kf8 25. Nf4 Nd7 26. Nd3 Bd6 27. Bd2 Ke8 28. Ba5 b6 29. Bc3 a5 30. Nb2 Kd8 31. Kf1 {[%emt 0:24:43] Weighted Error Value: White=0.04 (flawless) /Black=0.05 (flawless)} 1/2-1/2